 Dungeon Crawl Stone Soup version 0.32-a0-32-g978bd804de (webtiles) character file.

Game seed: 13243047187458650224

26933 Essalna the Geomancer (level 13, -6/82 HPs)
             Began as a Gargoyle Earth Elementalist on Jan 19, 2024.
             Was a High Priest of Vehumet.
             Collided with some lava (8 damage)
             ... after being knocked back by a swamp worm
             ... on level 1 of the Lair of Beasts on Jan 20, 2024.
             The game lasted 00:35:03 (13342 turns).

Essalna the Geomancer (GrEE)                       Turns: 13342, Time: 00:35:03

Health: -6/82      AC: 23    Str: 13    XL:     13   Next: 29%
Magic:  28/28      EV: 18    Int: 20    God:    Vehumet [*****.]
Gold:   1465       SH: 11    Dex: 13    Spells: 11/20 levels left

rFire   + . .        D - staff of Articulation {+Blink rF+ rC+ Ice}
rCold   + . .        n - +0 kite shield {rPois}
rNeg    + . .        M - +5 robe of Night {Dark Will+ SInv}
rPois   ∞            I - +1 helmet {SInv}
rElec   +            C - +0 cloak
rCorr   .            H - +1 pair of gloves {Dex+3}
SInv    +            (no boots)
Will    +....        w - amulet of magic regeneration
Stlth   ++           k - ring of magical power
HPRegen 0.33/turn    A - +5 ring of evasion
MPRegen 0.61/turn

%: no passive effects
@: no status effects
A: sickness immunity, AC +9, negative energy resistance 1, electricity
resistance, torment resistance 1, petrification resistance
a: Renounce Religion, Evoke Blink


You were on level 1 of the Lair of Beasts.
You worshipped Vehumet.
Vehumet was extremely pleased with you.
You visited 4 branches of the dungeon, and saw 15 of its levels.
You also visited: Bailey and Gauntlet.

You collected 1465 gold pieces.

Inventory:

Hand Weapons
 r - a +1 dagger of venom
 R - the +11 short sword "Ablumuk" {venom, rF+ Int+2}
   (You found it in a Gauntlet)

   Int+2:     It affects your intelligence (+2).
   rF+:       It protects you from fire.
Missiles
 E - a throwing net
Armour
 a - a +0 robe
 n - a +0 kite shield of poison resistance (worn)
 s - a +0 helmet
 C - a +0 cloak (worn)
 H - a +1 pair of gloves of dexterity (worn)
 I - a +1 helmet of see invisible (worn)
 M - the +5 robe of Night (worn) {Dark Will+ SInv}
   (You found it on level 8 of the Dungeon)

   Dark:      It shrouds the wearer in darkness, reducing the range at which
   they can see and be seen by others.
   Will+:     It increases your willpower.
   SInv:      It lets you see invisible.
Magical Staves
 D - the staff of Articulation (weapon) {+Blink rF+ rC+ Ice}
   (You found it on level 7 of the Dungeon)

   [staff of cold]

   Base accuracy: +5 Base damage: 5 Base attack delay: 1.2 This weapon's minimum
   attack delay (0.6) is reached at skill level 12.
   rF+:       It protects you from fire.
   rC+:       It protects you from cold.
   +Blink:    It lets you blink.
   Ice:       It increases the power of your Ice spells.
   It falls into the 'Staves' category.
   It is a one-handed weapon.
Jewellery
 h - a ring of ice
 k - a ring of magical power (left hand)
 w - an amulet of magic regeneration (around neck)
 A - a +5 ring of evasion (right hand)
 L - an amulet of regeneration
Wands
 o - a wand of flame (56)
 t - a wand of charming (19)
 v - a wand of light (12)
 y - a wand of polymorph (10)
Scrolls
 c - 8 scrolls of identify
 e - 2 scrolls of poison
 g - 5 scrolls of vulnerability
 i - 6 scrolls of enchant armour
 j - a scroll of amnesia
 l - a scroll of fog
 m - 3 scrolls of immolation
 u - 3 scrolls of fear
 B - 2 scrolls of teleportation
 O - a scroll of torment
 P - 3 scrolls of enchant weapon
 Q - a scroll of butterflies
 T - a scroll of revelation {unknown}
Potions
 b - 2 potions of magic
 d - a potion of brilliance {unknown}
 f - 2 potions of attraction
 q - a potion of haste {unknown}
 x - a potion of mutation {unknown}
 z - 2 potions of curing {unknown}
 F - a potion of might {unknown}
 G - a potion of heal wounds
 J - 2 potions of cancellation {unknown}
 K - 2 potions of lignification {unknown}
 N - 2 potions of enlightenment
Miscellaneous
 p - a phantom mirror
 S - a sack of spiders


   Skills:
 + Level 9.9 Fighting
 + Level 8.3 Armour
 + Level 6.5 Dodging
 - Level 2.1 Stealth
 + Level 9.8 Shields
 - Level 4.0 Spellcasting
 - Level 9.0 Conjurations
 + Level 11.7 Earth Magic
 - Level 5.0 Alchemy
 - Level 4.0 Evocations


You had 11 spell levels left.
You knew the following spells:

 Your Spells              Type           Power      Damage    Failure   Level
a - Sandblast             Erth           100%       2d20      1%          1
b - Stone Arrow           Conj/Erth      90%        3d12      1%          3
c - Irradiate             Conj/Alch      16%        3d17      13%         5

Your spell library contained the following spells:

 Spells                   Type           Power      Damage    Failure   Level
 Yara's Violent Unravell  Hex/Alch       7%         3d5       58%         5
 Kiss of Death            Conj/Necr      88%        2d12      1%          1
 Passwall                 Erth           50%        N/A       1%          3
 Brom's Barrelling Bould  Conj/Erth      45%        2d6       1%          4
 Petrify                  Alch/Erth      37%        N/A       10%         4
 Inner Flame              Hex/Fire       4%         N/A       24%         3
 Apportation              Tloc           8%         N/A       30%         1
 Confusing Touch          Hex            4%         N/A       67%         3
 Dispel Undead            Necr           4%         3d7       97%         4
 Ignition                 Fire           2%         3d3       100%        8
 Chain Lightning          Conj/Air       11%        3d14      100%        9
 Fire Storm               Conj/Fire      11%        8d3       100%        9
 Shatter                  Erth           25%        3d21*     100%        9


Dungeon Overview and Level Annotations

Branches:
Dungeon (11/15)            Temple (1/1) D:5            Lair (1/5) D:10
    Orc (2/2) D:10            Elf (0/3) Orc:2        Bailey (visited)
Gauntlet (visited)

Altars:
Ashenzari
Cheibriados
Dithmenos
Elyvilon
Fedhas
Gozag
Hepliaklqana
Kikubaaqudgha
Makhleb
Nemelex Xobeh
Okawaru
Qazlal
Ru
Sif Muna
Trog
Uskayaw
Vehumet
Wu Jian
Xom
Yredelemnul
Zin
The Shining One

Annotations:
D:3 1 runed translucent door
D:5 2 transporters
Lair:1 1 transporter


Innate Abilities, Weirdness & Mutations

You are immune to sickness and miasma.
Your stone body is resilient. (AC +9)
You are immune to poison.
You resist negative energy. (rN+)
You are resistant to electric shocks. (rElec)
You are resistant to unholy torment.
You are immune to petrification.


Message History

Aiming: Sandblast (safe; 1% risk of failure)
Press: ? - help, Shift-Dir - straight line, f/p - swamp worm
Aim: a swamp worm (wandering, hasn't noticed you, 82% to hit)
Your line of fire to the swamp worm is blocked by a briar patch.
Casting: Sandblast (safe; 1% risk of failure)
Confirm with . or Enter, or press ? or * to list all spells.
Aiming: Sandblast (safe; 1% risk of failure)
Press: ? - help, Shift-Dir - straight line, f/p - swamp worm
Aim: a swamp worm (wandering, hasn't noticed you, 82% to hit)
Your line of fire to the swamp worm is blocked by a briar patch.
Casting: Sandblast (safe; 1% risk of failure)
Confirm with . or Enter, or press ? or * to list all spells.
Aiming: Sandblast (safe; 1% risk of failure)
Press: ? - help, Shift-Dir - straight line, f/p - swamp worm
Aim: a swamp worm (wandering, hasn't noticed you, 82% to hit)
Your line of fire to the swamp worm is blocked by a briar patch.
Casting: Sandblast (safe; 1% risk of failure)
Confirm with . or Enter, or press ? or * to list all spells.
Aiming: Sandblast (safe; 1% risk of failure)
Press: ? - help, Shift-Dir - straight line, f/p - swamp worm
Aim: a swamp worm (wandering, hasn't noticed you, 82% to hit)
Your line of fire to the swamp worm is blocked by a briar patch.
Casting: Sandblast (safe; 1% risk of failure)
Confirm with . or Enter, or press ? or * to list all spells.
Aiming: Sandblast (safe; 1% risk of failure)
Press: ? - help, Shift-Dir - straight line, f/p - swamp worm
Aim: a swamp worm (wandering, hasn't noticed you, 82% to hit)
Your line of fire to the swamp worm is blocked by a briar patch.
You hit the briar patch but do no damage.
The swamp worm fires a harpoon shot at you.
The harpoon shot hits you.
You are yanked forward by the harpoon shot.
You collide with the briar patch!
The briar patch is severely damaged.
The swamp worm fires a harpoon shot at you.
The harpoon shot hits you!!
* * * LOW HITPOINT WARNING * * *
You are yanked forward by the harpoon shot.
You violently stop moving!
You die...

# #####.......##########
##### ##.###......## .##.#
##..........#### ....#
##.#########..#P#########
....#
#..#♣#†#♣#w#....##.#P)...
....#
##.##≈§≈#≈≈≈####..........
....#
#..#..PP○PPP#?=#..###.....
#..## ##©#©^^^^^^☼+!©#©.#
####.# ...#
##.#P..P.@PP#([#.## ###
##.## #..##§≈≈≈#≈§####.#
### .#..#
#...##†#♣#w##....###.#####
#..##
#.#.#########............#
....##
#.................###....#
.....####.......#......###
##...# #.....#
#......##.#....# #...#
#.....# ###..######..###
##..## #P....# ###.## #..#
#P(.#


You could see 2 swamp worms.

Vanquished Creatures
  An orc warlord (Orc:1)
  Azrael (Orc:1)
  A minotaur (Gauntlet)
  A two-headed ogre (D:11)
  An orc high priest (Orc:2)
  Lodul (D:10)
  2 orc sorcerers (Orc:2)
  A cyclops (D:11)
  An orc knight (Orc:2)
  An ugly thing (D:11)
  An ice statue (Gauntlet)
  2 slime creatures (Gauntlet)
  A black mamba (Lair:1)
  3 cane toads (Lair:1)
  A gargoyle (Bailey)
  A minotaur zombie (Gauntlet)
  A rime drake (Gauntlet)
  A komodo dragon (Lair:1)
  A polar bear (Lair:1)
  3 trolls
  Prince Ribbit (D:8)
  2 hornets (Gauntlet)
  10 blink frogs (Lair:1)
  4 dream sheep (D:8)
  3 shadows
  3 centaur simulacra (Gauntlet)
  Sigmund (D:3)
  A wraith (D:9)
  2 vampires
  2 wyverns
  A basilisk (Lair:1)
  24 yaks
  Eustachio (D:5)
  A warg (Orc:1)
  4 fire elementals
  A steam dragon (D:10)
  3 water moccasins (Lair:1)
  2 swamp worms (Lair:1)
  2 acid dragons (D:8)
  2 hell hounds
  A sky beast (D:8)
  13 orc warriors
  13 ogres
  7 wolves (Lair:1)
  5 centaurs
  The ghost of wooly the Magician, an amateur DEEE (D:3)
  7 bullfrogs
  6 scorpions
  10 killer bees
  10 vampire bats (Bailey)
  5 wolf zombies (Bailey)
  2 howler monkeys
  2 bombardier beetles
  A wyvern simulacrum (Gauntlet)
  2 hounds (D:6)
  2 jellies (Gauntlet)
  8 orc priests
  A sleepcap (D:7)
  16 orc wizards
  Natasha (twice) (D:3)
  3 iguanas
  10 gnolls
  Robin (D:4)
  8 adders
  2 shadow imps
  A white imp (D:6)
  3 dart slugs
  2 ribbon worms
  45 orcs
  8 endoplasms
  A giant cockroach (D:3)
  21 goblins
  7 hobgoblins
  2 jackals (D:3)
  3 quokkas
  8 ball pythons
  7 bats
  A frilled lizard (D:3)
  4 kobolds
  22 orc zombies (Bailey)
  6 rats (D:1)
375 creatures vanquished.

Notes
Turn   | Place    | Note
-------+----------+-------------------------------------------
     0 | D:1      | Essalna the Gargoyle Earth Elementalist began the quest for
                  | the Orb.
     0 | D:1      | Reached XP level 1. HP: 10/10 MP: 3/3
   246 | D:1      | Reached XP level 2. HP: 15/15 MP: 1/5
   385 | D:1      | Reached skill level 4 in Earth Magic
  1143 | D:2      | Reached XP level 3. HP: 19/19 MP: 2/6
  1473 | D:2      | Reached XP level 4. HP: 24/24 MP: 5/8
  1605 | D:2      | Learned a level 3 spell: Stone Arrow
  1668 | D:2      | Found a sacrificial altar of Ru.
  2352 | D:3      | Reached XP level 5. HP: 28/28 MP: 9/9
  2369 | D:3      | Found a runed translucent door.
  2498 | D:3      | Noticed Sigmund
  2501 | D:3      | Noticed Natasha
  2617 | D:3      | Killed Sigmund
  2618 | D:3      | Reached skill level 1 in Fighting
  2618 | D:3      | Reached skill level 1 in Shields
  2618 | D:3      | Reached skill level 5 in Earth Magic
  2618 | D:3      | Reached XP level 6. HP: 29/35 MP: 11/11
  2657 | D:3      | Noticed wooly's ghost (amateur DEEE)
  2695 | D:3      | Killed Natasha
  2745 | D:3      | Noticed Natasha
  2752 | D:3      | Killed Natasha
  2851 | D:3      | Found a runed translucent door.
  3099 | D:3      | Killed wooly's ghost
  3100 | D:3      | Reached XP level 7. HP: 40/40 MP: 12/12
  3222 | D:4      | Noticed Robin
  3251 | D:4      | Killed Robin
  3724 | D:4      | Reached skill level 6 in Earth Magic
  3875 | D:4      | Found a glowing golden altar of the Shining One.
  4069 | D:5      | Entered Level 5 of the Dungeon
  4099 | D:5      | Found a transporter.
  4124 | D:5      | Found a transporter.
  4141 | D:5      | You fall into a shaft and drop 2 floors!
  4444 | D:6      | Reached XP level 8. HP: 41/46 MP: 14/14
  4581 | D:5      | Reached skill level 5 in Conjurations
  4771 | D:5      | Noticed Eustachio
  4780 | D:5      | Killed Eustachio
  4875 | D:5      | Reached skill level 7 in Earth Magic
  4912 | D:5      | Found a staircase to the Ecumenical Temple.
  4946 | Temple   | Entered the Ecumenical Temple
  5034 | D:5      | Found an ancient bone altar of Kikubaaqudgha.
  5035 | D:5      | Found a shimmering blue altar of Sif Muna.
  5038 | D:5      | Found a radiant altar of Vehumet.
  5043 | D:5      | Got Sif Muna's Spellbook of Angles
  5052 | D:5      | Became a worshipper of Vehumet
  5463 | D:6      | Found a snail-covered altar of Cheibriados.
  5467 | D:6      | Reached skill level 5 in Fighting
  5502 | D:6      | Reached skill level 5 in Shields
  5578 | D:6      | Reached XP level 9. HP: 53/54 MP: 15/15
  6118 | D:7      | Identified the staff of Articulation {+Blink rF+ rC+ Ice}
  6140 | D:7      | Found an ornate altar of the Wu Jian Council.
  6373 | D:7      | Reached skill level 1 in Armour
  6404 | D:7      | Learned a level 5 spell: Irradiate
  6485 | D:7      | Found a basalt altar of Yredelemnul.
  6575 | D:7      | Found an opulent altar of Gozag.
  6674 | D:8      | Reached skill level 1 in Evocations
  6710 | D:8      | Found a flagged portal.
  6717 | Bailey   | Entered a bailey
  6773 | Bailey   | Reached * piety under Vehumet
  6773 | Bailey   | Offered knowledge of Magic Dart by Vehumet.
  6789 | Bailey   | Reached skill level 8 in Earth Magic
  6789 | Bailey   | Reached skill level 1 in Alchemy
  6822 | Bailey   | Noticed a gargoyle
  6827 | Bailey   | Killed a gargoyle
  7011 | Bailey   | Offered knowledge of Sting by Vehumet.
  7015 | Bailey   | Reached ** piety under Vehumet
  7030 | Bailey   | Reached XP level 10. HP: 60/60 MP: 16/16
  7414 | D:8      | Noticed Prince Ribbit
  7420 | D:8      | Killed Prince Ribbit
  7593 | D:8      | Found the +5 robe of Night {Dark Will+ SInv}
  7971 | D:9      | Reached skill level 9 in Earth Magic
  7977 | D:9      | Offered knowledge of Static Discharge by Vehumet.
  8260 | D:9      | Reached XP level 11. HP: 67/67 MP: 17/17
  8526 | D:9      | Reached *** piety under Vehumet
  8771 | D:10     | Entered Level 10 of the Dungeon
  9026 | D:10     | Noticed Lodul
  9029 | D:10     | Reached skill level 5 in Armour
  9037 | D:10     | Offered knowledge of Flame Wave by Vehumet.
  9042 | D:10     | Killed Lodul
  9230 | D:10     | Found a staircase to the Lair.
  9236 | D:10     | Found a burning altar of Makhleb.
  9405 | D:10     | Found a staircase to the Orcish Mines.
  9503 | D:11     | Noticed a cyclops
  9508 | D:11     | Killed a cyclops
  9602 | D:11     | Noticed a two-headed ogre
  9607 | D:11     | Killed a two-headed ogre
  9687 | D:11     | Noticed a white ugly thing
  9692 | D:11     | Killed a white ugly thing
  9728 | Orc:1    | Entered Level 1 of the Orcish Mines
  9967 | Orc:1    | Reached **** piety under Vehumet
 10049 | Orc:1    | Offered knowledge of Mephitic Cloud by Vehumet.
 10159 | Orc:1    | Noticed an orc warlord
 10168 | Orc:1    | Killed an orc warlord
 10169 | Orc:1    | Reached skill level 10 in Earth Magic
 10188 | D:10     | Reached XP level 12. HP: 69/73 MP: 18/18
 10208 | Orc:1    | Reached skill level 5 in Dodging
 10469 | Orc:2    | Entered Level 2 of the Orcish Mines
 10628 | Orc:2    | Found a gate leading to a gauntlet.
 10635 | Gauntlet | Entered a Gauntlet
 10644 | Gauntlet | Found a transporter.
 10644 | Gauntlet | Found a transporter.
 10651 | Gauntlet | Found a transporter.
 10696 | Gauntlet | Found a transporter.
 10710 | Gauntlet | Found a transporter.
 10736 | Gauntlet | Found a transporter.
 10761 | Gauntlet | Found a transporter.
 10775 | Gauntlet | Found a transporter.
 10797 | Gauntlet | Found a transporter.
 10808 | Gauntlet | Found a transporter.
 10811 | Gauntlet | Found a transporter.
 10814 | Gauntlet | Found a transporter.
 11084 | Gauntlet | Identified the +0 pair of gloves "Zuquhinu" {rN+ Int-4
                  | SInv}
 11087 | Gauntlet | Upgraded the game from 0.32-a0-30-gefbe487952 to
                  | 0.32-a0-32-g978bd804de
 11203 | Gauntlet | Noticed a minotaur
 11209 | Gauntlet | Killed a minotaur
 11413 | Gauntlet | Identified the +11 short sword "Ablumuk" {venom, rF+ Int+2}
 11522 | Orc:2    | Noticed Azrael
 11537 | Orc:1    | Noticed an orc warlord
 11772 | Orc:1    | Killed Azrael
 11951 | Orc:2    | Reached skill level 5 in Alchemy
 11973 | Orc:2    | Found a staircase to the Elven Halls.
 12054 | Orc:2    | Noticed an orc high priest
 12055 | Orc:2    | Noticed an orc high priest
 12057 | Orc:2    | Killed an orc high priest
 12058 | Orc:2    | Noticed an orc high priest
 12292 | Lair:1   | Entered Level 1 of the Lair of Beasts
 12440 | Lair:1   | Reached skill level 11 in Earth Magic
 12533 | Lair:1   | Found a transporter.
 12862 | Lair:1   | Reached XP level 13. HP: 80/80 MP: 19/19
 12914 | Lair:1   | Reached ***** piety under Vehumet
 12924 | Lair:1   | Offered knowledge of Yara's Violent Unravelling by Vehumet.
 13279 | Lair:1   | Found a transporter.
 13342 | Lair:1   | HP: 2/82 [swamp worm/harpoon shot (23)]
 13342 | Lair:1   | Collided with some lava

Illustrated notes

Levels and vault maps discovered:
D:1:      onia_arrival_handbag, layout_basic
D:2:      layout_loops_ring, basic_altar, minmay_cut_off
D:3:      layout_rooms, ebering_ghost_sewer_f, bh_walls_and_bars, uniq_natasha,
          uniq_sigmund
D:4:      layout_basic, nicolae_tso_swordbearing_angel, uniq_robin
D:5:      gammafunk_steamed_eel, layout_loops_ring,
          grunt_temple_overflow_magic_moments, minmay_temple_entry_ruins,
          uniq_eustachio
D:6:      layout_basic, slow_altar_2
D:7:      layout_loops_cross, grunt_gozag_breadcrumbs,
          nzn_wu_jian_contemplation, lemuel_round_altar
D:8:      layout_loops_ring, enter_bailey_3, hellmonk_guarded_unrand_night,
          uniq_prince_ribbit1
D:9:      layout_long_grid
D:10:     layout_roguey, bloody_makhleb, lair_entry_dummy, orc_0_dummy,
          uniq_lodul
D:11:     layout_gridville, ebering_ghost_reflecting_pool
Temple:   cyrus_circular_temple
Lair:1:   gammafunk_worm_tunnel, layout_layer_cave, beast_lair_carwin_7
Orc:1:    layout_caves
Orc:2:    st_orc_elflike, layout_diamond_mine, gauntlet_entry_generic,
          lemuel_statue_altar, nicolae_orc_stony_grotto,
          regret_index_minedec_devilstone, uniq_azrael

Skill      XL: |  1  2  3  4  5  6  7  8  9 10 11 12 13 |
---------------+----------------------------------------+-----
Earth Magic    | 4 5 6 7 8 9 10 11 | 11.7
Conjurations   | 2 3 4 6 7 8 9 |  9.0
Spellcasting   | 3 4 |  4.0
Fighting       | 1 2 3 5 6 7 8 9 |  9.9
Shields        | 1 2 3 5 7 8 9 |  9.8
Armour         | 3 4 6 7 8 |  8.3
Dodging        | 2 3 4 6 |  6.5
Evocations     | 2 3 4 |  4.0
Alchemy        | 1 3 4 5 |  5.0
Stealth        | |  2.1

Action                     |  1- 3 |  4- 6 |  7- 9 | 10-12 | 13-15 || total
---------------------------+-------+-------+-------+-------+-------++-------
  Melee: Unarmed           |     7 |       |     1 |       |       ||     8
         Punch             |     1 |       |       |       |       ||     1
         Dagger            |       |       |     1 |       |       ||     1
         Staff             |       |       |     1 |     1 |     1 ||     3
   Cast: Sandblast         |    43 |    65 |   235 |   361 |   101 ||   805
         Stone Arrow       |       |       |    13 |   120 |       ||   133
  Evoke: Wand              |       |       |       |     8 |       ||     8
    Use: Scroll            |       |       |       |    12 |       ||    12
         Potion            |       |       |       |     3 |     1 ||     4
 Armour: Robe              |     8 |    28 |   108 |   243 |    46 ||   433
  Dodge: Dodged            |     6 |    28 |    98 |   300 |    46 ||   478
  Block: Kite shield       |       |    14 |    85 |   244 |    39 ||   382

Table legend: (Time is in decaauts)
 A = Elapsed time spent in this place.
 B = Non-inter-level travel time spent in this place.
 C = Inter-level travel time spent in this place.
 D = Time resting spent in this place.
 E = Time spent auto-exploring this place.
 F = Levels seen in this place.
 G = Mean time per level.
                   A        B        C        D        E       F      G
               +--------+--------+--------+--------+--------+-----+--------+
         Total |  13775 |  13059 |    716 |    479 |   9815 |  17 |  810.3 |
       Dungeon |   9809 |   9135 |    674 |    324 |   7288 |  11 |  891.7 |
        Temple |     21 |     21 |      0 |      0 |      0 |   1 |   21.0 |
          Lair |   1125 |   1125 |      0 |      0 |    826 |   1 | 1125.0 |
  Orcish Mines |   1592 |   1551 |     41 |     99 |   1018 |   2 |  796.0 |
        Bailey |    409 |    409 |      0 |      0 |    199 |   1 |  409.0 |
      Gauntlet |    817 |    817 |      0 |     56 |    484 |   1 |  817.0 |
               +--------+--------+--------+--------+--------+-----+--------+

Top non-repeatable levels by time:
     D:2: 1292 daAuts
     D:1: 1147 daAuts
  Lair:1: 1125 daAuts
    D:10: 1117 daAuts
     D:6: 1016 daAuts
     D:9: 971 daAuts
     D:4: 920 daAuts
   Orc:1: 913 daAuts
     D:5: 887 daAuts
     D:8: 839 daAuts
Gauntlet: 817 daAuts
     D:3: 806 daAuts
     D:7: 727 daAuts
   Orc:2: 678 daAuts
  Bailey: 409 daAuts
